AoeStats
← Dibujanding

Arabia

508957824Analyzed
1v1 RM · 6d ago on Sep 24, 2026· 58m 30s· 2 players
Game mode
Random Map
Map size
Tiny (2 player)
Population
200
Speed
Normal
Resources
Standard
Victory
Conquest
Starting age
Dark Age
Ending age
Imperial Age
RankedLock teamsTeams togetherTeam positionsShared explorationLock speedFull tech treeHidden civsTurbo modeCheats
Victory
Defeat
🇦🇷 Ethiopians · Argentina
1087
+14
🇲🇽 Vikings · Mexico
1053
-14
Dibujanding
9:28 Feudal Age
9:32 Man-at-Arms
9:59 Double-Bit Axe
17:19 Horse Collar
18:58 Loom
19:15 Padded Archer Armor
19:56 Fletching
22:08 Castle Age
20:15 Stone Mining
20:46 Gold Mining
22:35 Scale Barding Armor
23:09 Leather Archer Armor
22:25 Elite Skirmisher
23:59 Gold Shaft Mining
24:17 Bodkin Arrow
26:46 Bow Saw
27:43 Forging
28:07 Chain Barding Armor
31:37 Heavy Plow
32:42 Ballistics
32:39 Forging
33:00 Treadmill Crane
37:10 Imperial Age
36:06 Murder Holes
38:24 Ring Archer Armor
37:15 Cavalier
39:11 Iron Casting
38:40 Bracer
39:09 Heated Shot
40:22 Chemistry
42:57 Blast Furnace
43:23 Conscription
47:54 Scale Mail Armor
47:16 Pikeman
47:56 Squires
52:57 Chain Mail Armor
54:46 Onager
58:39 Squires
Mjuan
0:27 Loom
10:39 Feudal Age
13:41 Double-Bit Axe
13:47 Gold Mining
18:00 Fletching
23:01 Castle Age
21:19 Horse Collar
21:30 Stone Mining
24:12 Bow Saw
24:03 Heavy Plow
32:31 Imperial Age
29:58 Crossbowman
32:30 Wheelbarrow
32:14 Padded Archer Armor
33:37 Bodkin Arrow
33:57 Leather Archer Armor
34:31 Hand Cart
34:43 Ballistics
34:51 Thumb Ring
36:13 Ring Archer Armor
35:44 Bracer
37:14 Bracer
38:18 Forging
38:13 Scale Barding Armor
38:01 Arbalester
38:25 Light Cavalry
41:51 Iron Casting
41:36 Chain Barding Armor
42:24 Hussar
44:10 Blast Furnace
43:31 Chain Barding Armor
46:56 Chemistry
Connection lost

Rejoining the realm…

Still unreachable

The connection could not be restored.

Session expired

The server has moved on; the page needs a fresh start.